 Dungeon Crawl Stone Soup version 0.30-a0-748-ge6a52f7cba (webtiles) character file.

Game seed: 13605890217895830854

3544 sanka the Grappler (level 9, -2/89 HPs)
             Began as a Troll Monk on Feb 9, 2023.
             Was a High Priest of Cheibriados.
             Slain by a gnoll
             ... wielding a +0 spear of venom
             ... led by a gnoll bouda
              (6 damage)
             ... on level 8 of the Dungeon.
             The game lasted 00:09:10 (5555 turns).

sanka the Grappler (Troll Monk)                     Turns: 5555, Time: 00:09:10

Health: -2/89      AC:  7    Str: 36    XL:     9   Next: 82%
Magic:  0/11       EV: 14    Int: 21    God:    Cheibriados [*****.]
Gold:   626        SH:  0    Dex: 25    Spells: 8/8 levels left

rFire   . . .      SeeInvis +      - Unarmed
rCold   . . .      Faith    .    (no shield)
rNeg    . . .      Spirit   +    s - +2 robe {Will+}
rPois   .          Reflect  .    (helmet restricted)
rElec   .          Harm     .    q - +0 cloak
rCorr   .          Rampage  .    (gloves unavailable)
Will    +....                    (boots unavailable)
Stlth   ++                       m - amulet of guardian spirit
HPRegen 1.14/turn                (no ring)
MPRegen 0.12/turn                r - ring of see invisible

@: mighty, very slow
A: large, unfitting armour, claws 3, regeneration 1, shaggy fur 1, tough skin 1
a: Renounce Religion, Bend Time, Temporal Distortion, Slouch, Step From Time


You were on level 8 of the Dungeon.
You worshipped Cheibriados.
Cheibriados was extremely pleased with you.
You visited 1 branch of the dungeon, and saw 8 of its levels.

You collected 626 gold pieces.


Innate Abilities, Weirdness & Mutations

You are too large for most types of armour.
You have claws for hands.
Your natural rate of healing is unusually fast.
You are covered in fur. (AC +1)
You have tough skin. (AC +1)


   Skills:
 - Level 6.0 Fighting
 - Level 6.0 Dodging
 - Level 1.0 Stealth
 - Level 10.0 Unarmed Combat
 + Level 4.4 Invocations


You had 8 spell levels left.
You didn't know any spells.
Your spell library contained the following spells:

 Spells                   Type           Power      Damage    Failure   Level
 Kiss of Death            Conj/Necr      0%         2d5       19%         1
 Magic Dart               Conj           0%         1d3       19%         1
 Necrotise                Necr           0%         1d4       19%         1
 Call Imp                 Summ           0%         N/A       26%         2
 Sublimation of Blood     Necr           0%         N/A       26%         2
 Wereblood                Tmut           0%         N/A       26%         2
 Confusing Touch          Hex            0%         N/A       47%         3
 Dazzling Flash           Conj/Hex       0%         N/A       47%         3
 Mephitic Cloud           Conj/Pois/Air  0%         N/A       47%         3
 Portal Projectile        Hex/Tloc       0%         N/A       47%         3
 Tukima's Dance           Hex            0%         N/A       47%         3
 Vampiric Draining        Necr           0%         2d6       47%         3
 Dispel Undead            Necr           0%         3d6       87%         4
 Iskenderun's Mystic Bla  Conj/Tloc      0%         2d3       87%         4
 Passage of Golubria      Tloc           0%         N/A       87%         4
 Agony                    Necr           0%         N/A       99%         5
 Blade Hands              Tmut           0%         N/A       99%         5
 Silence                  Hex/Air        0%         N/A       99%         5
 Spellforged Servitor     Conj/Summ      0%         N/A       100%        7
 Summon Hydra             Summ           0%         N/A       100%        7
 Lehudib's Crystal Spear  Conj/Erth      0%         10d2      100%        8

Inventory:

Armour
 q - a +0 cloak (worn)
 s - a +2 robe of willpower (worn)
Magical Staves
 o - a staff of earth
Jewellery
 m - an amulet of guardian spirit (around neck)
 r - a ring of see invisible (right claw)
Wands
 B - a wand of digging (4)
Scrolls
 d - a scroll of blinking {unknown}
 e - 3 scrolls of enchant weapon {unknown}
 h - 2 scrolls of identify {unknown}
 i - 2 scrolls of fog {unknown}
 k - 4 scrolls of teleportation {unknown}
 n - 4 scrolls of noise {unknown}
 t - a scroll of amnesia {unknown}
 u - a scroll of fear {unknown}
 v - 3 scrolls of enchant armour {unknown}
 w - 2 scrolls of brand weapon {unknown}
 y - a scroll of poison {unknown}
 C - a scroll of vulnerability {unknown}
Potions
 a - 5 potions of mutation {unknown}
 b - a potion of ambrosia
 c - a potion of magic {unknown}
 f - 3 potions of flight {unknown}
 g - 4 potions of curing {@q1}
 j - a potion of lignification {unknown}
 l - 5 potions of might
 p - 3 potions of heal wounds {unknown}
 x - a potion of brilliance {unknown}
 z - a potion of cancellation {unknown}
 A - a potion of invisibility {unknown}

Dungeon Overview and Level Annotations

Branches:
Dungeon (8/15)             Temple (0/1) D:6
   Lair: D:8-11

Altars:
Cheibriados
Fedhas
Gozag
Nemelex Xobeh
Qazlal
Ru
Sif Muna
Wu Jian
Xom
Yredelemnul
The Shining One

Shops:
D:4 = D:5

* ▒▒▒▒▒▒▒▒.....[.
▒..............
▒..............
▒..............
▒..............
▒..............
▒...g.g........
▒▒▒..hcggg.......
▒....)T▒▒▒▒▒...c.
▒......▒...▒ ...
▒......▒...▒ .
▒......▒...▒ .
▒......▒...▒ ..
▒......▒.▒▒▒ ..
▒▒....▒▒.▒ ..
▒....'..▒ ..
▒....▒..▒


You could see a wolf, a centaur, a gnoll bouda and 4 gnolls.


Message History

The wolf bites you.
* * * LOW HITPOINT WARNING * * *
You mangle Grum!!
You kill Grum!
Cheibriados appreciates the change of pace.
The wolf misses you. The centaur barely misses you.
The centaur barely misses you. The wolf bites you.
* * * LOW HITPOINT WARNING * * *
The gnoll completely misses you. The wolf closely misses you.
The centaur hits you.
* * * LOW HITPOINT WARNING * * *
The centaur kicks you but does no damage.
The wolf barely misses you.
Your Invocations skill increases to level 4!
You mangle the wolf!!
You kill the wolf!
Cheibriados thoroughly appreciates the change of pace.
The wolf barely misses you.
The gnoll hits you from afar with a +0 halberd.
* * * LOW HITPOINT WARNING * * *
The centaur hits you.
* * * LOW HITPOINT WARNING * * *
The centaur kicks you.
* * * LOW HITPOINT WARNING * * *
The gnoll closely misses you.
The gnoll hits you from afar with a +0 spear of venom.
You die...

Action                     |  1- 3 |  4- 6 |  7- 9 || total
---------------------------+-------+-------+-------++-------
  Melee: Unarmed           |    94 |   116 |   134 ||   344
         Punch             |       |     1 |     7 ||     8
    Use: Potion            |       |       |     3 ||     3
   Stab: Sleeping          |     4 |     2 |    11 ||    17
 Armour: Robe              |    29 |    46 |    41 ||   116
  Dodge: Dodged            |    47 |    68 |   116 ||   231

Levels and vault maps discovered:
D:1:      matt_arrival_diagonals, layout_basic, minmay_pentomino_q2
D:2:      minmay_general_purpose_star, layout_basic,
          hellmonk_ecumenical_altar_pennies_from_heaven
D:3:      layout_rooms, nemelex_dance_club_becter, mainiacjoe_overflow_alcove_4,
          mainiacjoe_overflow_boulevard, lemuel_round_altar,
          overflow_temple_1_default, minmay_splitting_lines
D:4:      layout_loops_ring, xom_confusion_cloud, serial_shops,
          nicolae_shop_waterfront, serial_bayou_pond_a
D:5:      layout_loops_ring, nicolae_qazlal_general_emergency,
          mainiacjoe_overflow_cross_hatched, nicolae_shop_sticking_my_neck_out,
          uniq_menkaure, uniq_pikel, uniq_blork_the_orc
D:6:      layout_rooms, lemuel_round_altar, minmay_temple_entry_antechambers,
          minmay_door_square
D:7:      layout_loops_ring, nicolae_overflow_hidden_temple,
          nicolae_sif_muna_condensation
D:8:      layout_gridville, amcnicky_altar_gilded, kennysheep_generic_room_6,
          uniq_grum

Notes
Turn   | Place    | Note
-------+----------+-------------------------------------------
     0 | D:1      | sanka the Troll Monk began the quest for the Orb.
     0 | D:1      | Reached XP level 1. HP: 22/22 MP: 0/0
   162 | D:1      | Reached XP level 2. HP: 29/29 MP: 1/1
   174 | D:1      | Reached skill level 3 in Fighting
   240 | D:1      | Got the Quarto of Impulse
   810 | D:2      | Noticed a black bear
   859 | D:2      | Reached XP level 3. HP: 37/37 MP: 2/2
  1029 | D:2      | Found a faded altar of an unknown god.
  1057 | D:2      | Prayed at the altar of an unknown god.
  1057 | D:2      | Became a worshipper of Cheibriados the Contemplative
  1057 | D:2      | Reached * piety under Cheibriados
  1057 | D:2      | Reached ** piety under Cheibriados
  1104 | D:2      | Reached skill level 4 in Unarmed Combat
  1266 | D:2      | Reached *** piety under Cheibriados
  1291 | D:2      | Reached XP level 4. HP: 45/45 MP: 3/3
  1564 | D:2      | Killed a black bear
  1565 | D:2      | Reached skill level 5 in Unarmed Combat
  1565 | D:2      | Reached XP level 5. HP: 44/53 MP: 1/4
  1833 | D:3      | Found a blossoming altar of Fedhas.
  1913 | D:3      | Found a glowing golden altar of the Shining One.
  2017 | D:3      | Reached skill level 6 in Unarmed Combat
  2076 | D:3      | Found a snail-covered altar of Cheibriados.
  2108 | D:3      | Reached XP level 6. HP: 56/61 MP: 2/5
  2150 | D:3      | Found a basalt altar of Yredelemnul.
  2373 | D:3      | Found a sparkling altar of Nemelex Xobeh.
  2424 | D:4      | Reached **** piety under Cheibriados
  2454 | D:4      | Reached skill level 7 in Unarmed Combat
  2580 | D:4      | Found Lentih Leu's Jewellery Shoppe.
  2784 | D:4      | Found a shimmering altar of Xom.
  3086 | D:5      | Entered Level 5 of the Dungeon
  3133 | D:5      | Reached XP level 7. HP: 66/67 MP: 4/6
  3137 | D:5      | Reached skill level 8 in Unarmed Combat
  3291 | D:5      | Found a stormy altar of Qazlal.
  3294 | D:5      | Found a sacrificial altar of Ru.
  3298 | D:5      | Reached skill level 9 in Unarmed Combat
  3336 | D:5      | Reached ***** piety under Cheibriados
  3342 | D:5      | Noticed Pikel
  3349 | D:5      | Killed Pikel
  3350 | D:5      | Reached skill level 10 in Unarmed Combat
  3350 | D:5      | Reached XP level 8. HP: 50/75 MP: 3/7
  3388 | D:5      | Noticed Menkaure
  3391 | D:5      | Killed Menkaure
  3392 | D:5      | Reached skill level 3 in Dodging
  3504 | D:5      | Noticed Blork the orc
  3512 | D:5      | Killed Blork the orc
  3702 | D:5      | Found Vyrghod's Neck Hole.
  3911 | D:6      | Reached skill level 4 in Fighting
  3933 | D:6      | Reached skill level 4 in Dodging
  4214 | D:6      | Found an opulent altar of Gozag.
  4232 | D:6      | Reached XP level 9. HP: 70/87 MP: 6/8
  4336 | D:6      | Reached skill level 5 in Fighting
  4338 | D:6      | Found a staircase to the Ecumenical Temple.
  4529 | D:7      | Reached skill level 5 in Dodging
  5107 | D:7      | Found a shimmering blue altar of Sif Muna.
  5329 | D:8      | Found an ornate altar of the Wu Jian Council.
  5530 | D:8      | Noticed a two-headed ogre
  5542 | D:8      | Noticed Grum
  5545 | D:8      | Killed a two-headed ogre
  5546 | D:8      | Reached skill level 6 in Fighting
  5546 | D:8      | Reached skill level 6 in Dodging
  5546 | D:8      | Reached skill level 3 in Invocations
  5554 | D:8      | Killed Grum
  5555 | D:8      | Reached skill level 4 in Invocations
  5555 | D:8      | HP: 6/89 [centaur (3)]
  5555 | D:8      | Slain by a gnoll

Vanquished Creatures
  A two-headed ogre (D:8)
  Pikel (D:5)
  Grum (D:8)
  Menkaure (D:5)
  An orc warrior (D:6)
  2 ice beasts
  2 black bears
  3 ogres
  A sky beast (D:7)
  A wolf (D:8)
  2 centaurs (D:8)
  3 phantoms
  3 lemures (D:5)
  Blork the orc (D:5)
  A necrophage (D:6)
  A scorpion (D:6)
  2 bullfrogs
  2 gnoll sergeants
  3 hounds
  3 jellies
  An orc priest (D:3)
  2 iguanas
  4 orc wizards
  8 gnolls
  9 adders
  A shadow imp (D:6)
  2 white imps (D:6)
  An ufetubus (D:5)
  3 worms
  2 dart slugs
  17 orcs
  7 bats
  6 endoplasms
  4 giant cockroaches
  11 goblins
  6 hobgoblins
  4 jackals (D:4)
  2 quokkas
  7 ball pythons
  6 kobolds
  9 rats
147 creatures vanquished.

Vanquished Creatures (others)
  An ogre (D:4)
  A hound (D:4)
  A hobgoblin (D:4)
  A jackal (D:4)
  23 fungi (D:5)
  A plant (D:4)
28 creatures vanquished.

Grand Total: 175 creatures vanquished
